 Dungeon Crawl Stone Soup version 0.31-a0-233-g139696dc86 (webtiles) character file.

Game seed: 8614148641416654990

80 Nietzsche the Poker (level 4, 0/34 HPs)
             Began as a Demonspawn Gladiator on July 9, 2023.
             Slain by a gnoll bouda
             ... wielding a +0 club
              (3 damage)
             ... on level 3 of the Dungeon.
             The game lasted 00:03:47 (1811 turns).

Nietzsche the Poker (Demonspawn Gladiator)          Turns: 1811, Time: 00:03:49

Health: 0/34       AC:  3    Str: 15    XL:     4   Next: 18%
Magic:  6/6        EV: 12    Int: 11    God:
Gold:   91         SH:  0    Dex: 14    Spells: 6/6 levels left

rFire   . . .        a - +0 trident
rCold   . . .        (no shield)
rNeg    . . .        b - +0 leather armour
rPois   .            (helmet restricted)
rElec   .            (no cloak)
rCorr   .            (no gloves)
SInv    .            (no boots)
Will    .....        (no amulet)
Stlth   +            (no ring)
HPRegen 0.25/turn    (no ring)
MPRegen 0.10/turn

%: no passive effects
@: weakened
A: horns 2, demonic guardian 1
a: no special abilities


You were on level 3 of the Dungeon.
You visited 1 branch of the dungeon, and saw 3 of its levels.

You collected 91 gold pieces.

Inventory:

Hand Weapons
 a - a +0 trident (weapon)
 o - a +3 whip
 s - a +0 dagger of draining
Missiles
 d - 3 throwing nets (quivered)
 e - a javelin
Armour
 b - a +0 leather armour (worn)
 c - a +0 helmet
Magical Staves
 q - a staff of fire
Jewellery
 g - a ring of poison resistance
 h - a ring of protection from cold
Scrolls
 i - a scroll of enchant armour {unknown}
 k - 2 scrolls of teleportation {unknown}
 n - a scroll of butterflies {unknown}
 r - a scroll of vulnerability {unknown}
Potions
 f - a potion of heal wounds {unknown}
 j - a potion of curing {unknown}
 l - a potion of berserk rage {unknown}
 m - 2 potions of lignification {unknown}
 p - a potion of cancellation {unknown}


   Skills:
 + Level 2.5 Fighting
 + Level 3.4 Polearms
 - Level 1.7 Throwing
 + Level 1.0 Armour
 + Level 2.9 Dodging
 * Level 1.5 Spellcasting


You had 6 spell levels left.
You didn't know any spells.
Your spell library contained the following spells:

 Spells                   Type           Power      Damage    Failure   Level
 Kiss of Death            Conj/Necr      0%         2d5       36%         1
 Sandblast                Erth           0%         2d4       36%         1
 Passwall                 Tmut/Erth      0%         N/A       50%         2
 Confusing Touch          Hex            0%         N/A       75%         3
 Stone Arrow              Conj/Erth      0%         3d7       75%         3
 Dispel Undead            Necr           0%         3d6       98%         4
 Simulacrum               Ice/Necr       0%         N/A       100%        6
 Ozocubu's Refrigeration  Ice            0%         4d7       100%        7
 Polar Vortex             Ice            0%         N/A       100%        9


Dungeon Overview and Level Annotations

Branches:
Dungeon (3/15)

Altars:


Innate Abilities, Weirdness & Mutations

You have a pair of horns on your head.
A weak demonic guardian rushes to your aid.


Message History

The gnoll shouts! x2; You hear a shout!
The scorpion stings you. The rat barely misses you.
The gnoll barely misses you.
The gnoll bouda barks out a call to the hunt!
The gnolls pick up the pace!
The gnoll closely misses you.
You climb upwards.
There is a stone staircase leading down here.
There is an open door here.
You see here a goblin corpse.
There is an open door here.
There is an open door here.
There is a stone staircase leading down here.
You climb downwards.
There is a stone staircase leading up here.
A gnoll comes into view. It is wielding a +0 flail.
The gnoll bouda barks out a call to the hunt!
The gnolls pick up the pace!
The gnoll shouts! x2
The gnoll bouda gazes fiercely through you!
You feel your attacks grow feeble. The gnoll hits you with a +0 flail!
You hit the gnoll bouda.
The gnoll bouda is moderately wounded.
The gnoll bouda closely misses you. The gnoll misses you.
You completely miss the gnoll bouda. Your headbutt misses the gnoll bouda.
The gnoll bouda is moderately wounded.
The gnoll bouda hits you with a +0 club!
The gnoll closely misses you. The gnoll hits you with a +0 flail.
The gnoll bouda gazes fiercely through you!
You feel as though you will be weak longer.
You are too injured to fight recklessly!
The gnoll hits you from afar with a +0 halberd!
* * * LOW HITPOINT WARNING * * *
A demonic guardian appears!
The gnoll closely misses your white imp.
The gnoll bouda gazes fiercely through you!
You feel as though you will be weak longer.
The gnoll bouda hits you with a +0 club.
You die...

### ##### ..## . .######
.....###..### ...
.......######.5g##...##..##
.......r.sr..ggg@..........
.......<...######..<...#.#
#.....s###...........###
#...... ########## #......
#######


You could see a gnoll bouda, a scorpion, 3 gnolls, a rat and a friendly white
imp (summoned).

Vanquished Creatures
  2 adders (D:2)
  2 dart slugs
  3 ball pythons
  3 endoplasms (D:1)
  2 giant cockroaches
  6 goblins
  6 hobgoblins
  2 jackals (D:2)
  2 kobolds (D:2)
  4 quokkas
  8 bats
  2 frilled lizards (D:2)
  3 rats (D:2)
45 creatures vanquished.

Vanquished Creatures (collateral kills)
  A worm (D:2)
  An endoplasm (D:2)
  2 jackals (D:2)
  A ball python (D:2)
5 creatures vanquished.

Grand Total: 50 creatures vanquished

Notes
Turn   | Place    | Note
-------+----------+-------------------------------------------
     0 | D:1      | Nietzsche the Demonspawn Gladiator began the quest for the
                  | Orb.
     0 | D:1      | Reached XP level 1. HP: 16/16 MP: 1/1
   175 | D:1      | Discovered your monstrous ancestry.
   175 | D:1      | Gained mutation: You have a pair of small horns on your
                  | head. [demonic ancestry]
   175 | D:1      | Reached XP level 2. HP: 15/22 MP: 2/2
   231 | D:1      | Reached skill level 3 in Polearms
   504 | D:1      | Gained mutation: A weak demonic guardian rushes to your
                  | aid. [demonic ancestry]
   504 | D:1      | Reached XP level 3. HP: 28/28 MP: 3/3
   663 | D:2      | Reached skill level 1 in Spellcasting
   904 | D:2      | Found a faded altar of an unknown god.
  1058 | D:2      | Gained mutation: You have a pair of horns on your head.
                  | [demonic ancestry]
  1058 | D:2      | Reached XP level 4. HP: 20/34 MP: 6/6
  1535 | D:2      | Reached skill level 1 in Armour
  1682 | D:3      | Noticed a scorpion
  1811 | D:3      | Slain by a gnoll bouda

Illustrated notes

Levels and vault maps discovered:
D:1:      minmay_arrival_wavy_path, layout_basic
D:2:      layout_basic, ebering_ecumenical_altar_abandoned, minmay_pentomino_z2
D:3:      layout_rooms

Skill      XL: |  1  2  3  4 |
---------------+-------------+-----
Polearms       | 3 |  3.4
Spellcasting   | 1 |  1.5
Armour         | 1 |  1.0
Fighting       | |  2.5
Throwing       | |  1.7
Dodging        | |  2.9

Action                     |  1- 3 |  4- 6 || total
---------------------------+-------+-------++-------
  Melee: Trident           |   125 |    15 ||   140
         Headbutt          |     6 |       ||     6
 Armour: Leather armour    |    25 |     1 ||    26
  Dodge: Dodged            |    78 |     9 ||    87

Table legend: (Time is in decaauts)
 A = Elapsed time spent in this place.
 B = Non-inter-level travel time spent in this place.
 C = Inter-level travel time spent in this place.
 D = Time resting spent in this place.
 E = Time spent auto-exploring this place.
 F = Levels seen in this place.
 G = Mean time per level.
                   A        B        C        D        E       F      G
               +--------+--------+--------+--------+--------+-----+--------+
         Total |   1830 |   1625 |    205 |      0 |   1208 |   3 |  610.0 |
       Dungeon |   1830 |   1625 |    205 |      0 |   1208 |   3 |  610.0 |
               +--------+--------+--------+--------+--------+-----+--------+

Top non-repeatable levels by time:
     D:2: 1196 daAuts
     D:1: 625 daAuts
     D:3: 8 daAuts
